 Dungeon Crawl Stone Soup version 0.19-a0-36-g4a0968a (webtiles) character file.

515029 xeno23 the Slayer (level 25, -29/237 HPs)
             Began as a Hill Orc Gladiator on Apr 10, 2016.
             Was the Champion of Beogh.
             Killed from afar by a black draconian (41 damage)
             ... with a bolt of lightning
             ... on level 5 of the Depths on May 4, 2016.
             The game lasted 06:14:04 (51250 turns).

xeno23 the Slayer (Hill Orc Gladiator)             Turns: 51250, Time: 06:14:04

Health: -29/237    AC: 35    Str: 33    XL:     25   Next: 16%
Magic:  33/36      EV: 20    Int:  9    God:    Beogh [******]
Gold:   3758       SH: 20    Dex: 16    Spells: 6 memorised, 19 levels left

rFire  + + +     SeeInvis .     b - +9 broad axe (freeze)
rCold  + + +     Gourm    .     D - +4 ice dragon armour
rNeg   + + .     Faith    +     t - +3 shield {rC+ rF+}
rPois  .         Spirit   .     a - +2 hat {MR+}
rElec  .         Dismiss  .     W - +2 cloak {MR+}
rCorr  .         Reflect  .     V - +2 pair of gloves {Dex+3}
SustAt .         Harm     .     K - +1 pair of boots {Stlth+}
MR     +++..                    O - amulet "Ydweodopri" {Faith Fragile rF++}
Stlth  ++........               A - ring of positive energy
                                o - ring of Nurat {Fragile rF+ rN+ Str+6 Stlth+}

@: repel missiles, recalling, extremely resistant to hostile enchantments,
unstealthy
A: walk on water
a: Smiting, Stop Recall, Give Item to Named Follower, Resurrection, Renounce
Religion
}: 3/15 runes: serpentine, barnacled, silver


You were on level 5 of the Depths.
You worshipped Beogh.
Beogh was exalted by your worship.
You were not hungry.

You visited 8 branches of the dungeon, and saw 46 of its levels.
You visited 1 bazaar.
You also visited: Labyrinth, Sewer, Ossuary and Ice Cave.

You collected 7582 gold pieces.
You spent 3824 gold pieces at shops.

Inventory:

Hand Weapons
 b - a +9 broad axe of freezing (weapon)
 L - the +4 blowgun of Dishonour {speed, rElec rC+ rN+ MR-}
   (You found it on level 2 of the Depths)

   Attacks with this weapon are significantly faster.
   It protects you from cold.
   It insulates you from electricity.
   It protects you from negative energy.
   It affects your resistance to hostile enchantments.
Missiles
 d - 12 throwing nets
 G - 23 poisoned javelins (quivered)
Armour
 a - a +2 hat of magic resistance (worn)
 t - a +3 shield of resistance (worn)
 D - a +4 ice dragon armour (worn)
 K - a +1 pair of boots of stealth (worn)
 M - the +1 cloak of Card Tricks {*Confuse rC+ rCorr Str+3}
   (You found it on level 2 of the Depths)

   It affects your strength (+3).
   It protects you from cold.
   It protects you from acid and corrosion.
   It may confuse you when you take damage.
 V - a +2 pair of gloves of dexterity (worn)
 W - a +2 cloak of magic resistance (worn)
Jewellery
 o - the ring of Nurat (left hand) {Fragile rF+ rN+ Str+6 Stlth+}
   (You found it on level 3 of the Shoals)

   [ring of stealth]

   It affects your strength (+6).
   It protects you from fire.
   It protects you from negative energy.
   It will be destroyed if unequipped.
   It makes you more stealthy.
 A - a ring of positive energy (right hand)
 O - the amulet "Ydweodopri" (around neck) {Faith Fragile rF++}
   (You found it on level 6 of the Lair of Beasts)

   [amulet of faith]

   It allows you to gain divine favour quickly.
   It greatly protects you from fire.
   It will be destroyed if unequipped.
Wands
 e - a wand of teleportation (7/9)
 x - a wand of iceblast (9/15)
 E - a wand of hasting (5/9)
 F - a wand of teleportation (4/9)
 J - a wand of teleportation (9/9)
 P - a wand of paralysis (11/24)
 S - a wand of digging (9/24)
Scrolls
 h - 5 scrolls of recharging
 i - 6 scrolls of fear
 q - 8 scrolls of immolation
 r - 7 scrolls of identify
 u - 17 scrolls of teleportation
 w - 28 scrolls of remove curse
 y - 7 scrolls of magic mapping
 H - 4 scrolls of holy word
 I - 10 scrolls of enchant weapon
 Q - 4 scrolls of fog
 T - 6 scrolls of amnesia
 X - 3 scrolls of blinking
 Y - 3 scrolls of summoning
Potions
 c - 2 potions of cure mutation
 g - 29 potions of curing
 j - 8 potions of flight
 k - 4 potions of haste
 l - 3 potions of resistance
 p - 7 potions of agility
 s - 2 potions of invisibility
 v - 4 potions of cancellation
 z - 7 potions of might
 B - 4 potions of magic
 C - 7 potions of heal wounds
 U - 13 potions of brilliance
Comestibles
 f - 20 bread rations
 n - 17 meat rations
 R - 30 fruits


   Skills:
 * Level 21.8 Fighting
 - Level 20.5 Axes
 + Level 13.6 Throwing
 + Level 17.0 Armour
 + Level 13.8 Dodging
 - Level 15.2 Shields
 + Level 4.8 Spellcasting
 - Level 4.5 Hexes
 * Level 9.2 Charms
 + Level 6.5 Necromancy
 + Level 4.0 Translocations
 + Level 18.3 Invocations


You had 19 spell levels left.
You knew the following spells:

 Your Spells              Type           Power        Failure   Level  Hunger
a - Swiftness             Chrm/Air       ##......     12%         2    ##.....
b - Passwall              Trmt/Erth      #.........   71%         2    ##.....
e - Regeneration          Chrm/Necr      ###.......   6%          3    ###....
g - Blink                 Tloc           N/A          14%         2    ##.....
r - Repel Missiles        Chrm/Air       ##....       12%         2    ##.....
w - Spectral Weapon       Hex/Chrm       ##......     10%         3    ###....


Dungeon Overview and Level Annotations

Branches:
Dungeon (15/15)            Temple (0/1) D:4            Lair (8/8) D:8
 Shoals (4/4) Lair:5        Snake (4/4) Lair:4        Slime (0/6) Lair:8
    Orc (2/2) D:11            Elf (3/3) Orc:2        Vaults (5/5) D:13
  Crypt (0/3) Vaults:3     Depths (5/5) D:15
    Zot: Depths:5

Altars:
Dithmenos
Elyvilon
Kikubaaqudgha
Makhleb
Nemelex Xobeh
Pakellas
Qazlal
Sif Muna
Vehumet
Zin
The Shining One
Beogh
Jiyva

Shops:
D:6 ([   D:7 !:   D:12 !   Orc:2 =([*   Elf:1 :   Shoals:2 *   Snake:1 (
Depths:1 ?   Depths:2 [   Depths:5 =

Portals:
Hell: Depths:1 Depths:2 Depths:3 Depths:4
Abyss: Depths:3 Depths:4 Depths:5
Pandemonium: Depths:1 Depths:2 Depths:3 Depths:4 Depths:5
Ziggurat: Depths:2


Message History

An ettin comes into view.
It is wielding a dire flail and a dire flail of holy wrath.
You take 19 damage.
Drink which item? (? for menu, Esc to quit)
You feel much better.
Your orc knight is recalled.
Ogrik is recalled.
Wargrak is recalled.
Bogdan barely misses the black draconian.
The black draconian closely misses Learuk.
The black draconian hits Ogrik with a battleaxe of freezing.
The black draconian freezes Ogrik.
The black draconian hits your orc knight but does no damage.
Warbeogh roars a battlecry!
Your orc knights go into a battle-frenzy!
Learuk hits the black draconian from afar with an uncursed glaive!!!
The black draconian barely misses you.
Your orc knight closely misses the black draconian.
The black draconian breathes lightning at you.
The bolt of lightning hits Ogrik.
The bolt of lightning hits you!
* * * LOW HITPOINT WARNING * * *
The bolt of lightning hits you!
You die...

..### ....## # #..
##....
.....###...#.#..#.#d..
.......##.C#'#..#'#..#
........#............#
.......##............##
.......#........d.....#
.......#.......oooo...#
......##.....)'o@oo...#
......# ....#'o#od....#
......# . ###..###....#
.....## ##.#..# ..(#
<∩...# ##..#..# ..!
.....# ###...#..# #.
##...###...).#..#
#...........#..#
##...........#..#


You could see 3 draconians, an ettin, the friendly Learuk the orc warlord, the
friendly Orbeogh the orc warlord, the friendly Warbeogh the orc warlord, 2
friendly orc knights, the friendly Bogbrand the orc knight, the friendly Ogrik
the orc knight, the friendly Wargrak the orc knight and the friendly Bogdan the
orc sorcerer.

Vanquished Creatures
  Boris (Vaults:3)
  Nikola (Shoals:3)
  4 golden dragons
  Rupert (Lair:3)
  A tentacled monstrosity (Vaults:5)
  A lich (Depths:4)
  The ghost of namelastname112 the Scorcher, an adept DrCj of Ashenzari (Snake:3)
  An Ice Fiend (IceCv)
  The ghost of simok the Markscentaur, an adept CeHu of Okawaru (Shoals:3)
  3 titans (Vaults:5)
  A quicksilver dragon (Depths:5)
  A deep elf blademaster (Elf:2)
  2 deep elf master archers (Elf:3)
  3 krakens
  Kirke (Shoals:3)
  Gastronok (Lair:2)
  4 sphinxes
  The ghost of manon the Sharpshooter, an adept MiBe of Trog (Shoals:4)
  5 shadow dragons
  4 frost giants
  4 greater nagas
  2 storm dragons
  8 tengu reavers
  Donald (D:12)
  7 deep elf sorcerers
  An iron dragon (Depths:2)
  Ilsuiw (Shoals:4)
  9 fire giants
  14 vault wardens
  Aizul (Shoals:4)
  5 deep elf elementalists
  A spriggan defender (Depths:2)
  A war gargoyle (Vaults:3)
  15 stone giants
  7 very ugly things
  14 ironheart preservers
  3 mottled draconians (Depths:5)
  2 vampire knights
  A black draconian (Depths:5)
  7 deep elf annihilators
  4 deep elf demonologists
  4 spark wasps
  A dire elephant (D:15)
  2 eidola (D:14)
  A green death (Depths:4)
  6 merfolk javelineers
  6 deep elf death magi
  8 merfolk impalers
  A minotaur (Lab)
  10 ettins
  33 vault guards
  5 fire dragons
  13 yaktaur captains
  3 deep elf high priests
  9 great orbs of eyes
  2 entropy weavers
  8 naga warriors
  3 ice dragons
  A merfolk avatar (Shoals:2)
  6 rakshasas
  3 hydras
  5 spriggan air magi
  9 centaur warriors
  5 merfolk aquamancers
  A hell beast (Depths:2)
  2 death knights
  4 satyrs
  An alligator snapping turtle (Shoals:4)
  13 ogre magi
  5 anacondas
  3 vampire magi
  7 deep troll shamans
  24 dancing weapons
  A spriggan berserker (Depths:4)
  4 shock serpents
  10 deep troll earth magi
  An orc high priest (Orc:2)
  5 naga sharpshooters
  15 hell knights
  22 deep elf knights
  An iron troll (Depths:2)
  4 skeletal warriors
  9 sea snakes
  3 fire crabs
  21 deep trolls
  4 naga ritualists
  A flayed ghost (Vaults:4)
  5 unseen horrors
  6 hill giants
  4 giant orange brains
  16 ironbrand convokers
  A lindwurm (Lair:6)
  13 deep elf archers
  An infernal demonspawn (Depths:4)
  A kraken simulacrum (Shoals:4)
  3 phantasmal warriors
  4 wizards
  6 harpies
  4 necromancers
  An anubis guard (shapeshifter) (Vaults:5)
  2 mana vipers
  8 orc knights
  8 cyclopes
  2 orc sorcerers
  An oklob plant (Lair:4)
  54 deep elf magi
  9 griffons
  2 hornets (Vaults:5)
  3 wolf spiders
  22 slime creatures
  44 ugly things
  6 fauns (Shoals:3)
  A wolf spider (shapeshifter) (Vaults:5)
  10 manticores
  An orb spider (shapeshifter) (Vaults:4)
  A hornet (shapeshifter) (Vaults:2)
  5 sirens
  12 elephants
  An ice statue (IceCv)
  8 salamanders
  A stone giant skeleton (Depths:2)
  4 water nymphs
  40 black mambas
  An iron giant simulacrum (Depths:2)
  2 orange demons (Depths:2)
  10 vault sentinels
  13 naga magi
  4 guardian serpents
  A spiny frog (shapeshifter) (Vaults:5)
  A smoke demon (Depths:2)
  A gargoyle (D:13)
  17 spiny frogs
  A yaktaur (shapeshifter) (Vaults:5)
  7 komodo dragons
  3 kobold demonologists (Vaults:2)
  4 rime drakes
  50 yaktaurs
  A rime drake (shapeshifter) (D:13)
  4 anaconda simulacra (IceCv)
  A hellwing (Depths:4)
  2 red devils
  5 freezing wraiths
  A queen bee (D:8)
  2 golden dragon simulacra (IceCv)
  A polar bear (shapeshifter) (Elf:2)
  7 ice devils
  26 merfolk
  A polar bear (Lair:3)
  2 wind drakes (Shoals:2)
  8 trolls
  22 two-headed ogres
  A giant leech (Lair:8)
  A raiju (shapeshifter) (Vaults:2)
  6 snapping turtles
  6 boulder beetles
  23 blink frogs
  A spriggan zombie (Depths:2)
  5 air elementals
  A flying skull (D:14)
  2 tarantellas (shapeshifter)
  2 redbacks
  43 yaks
  24 water elementals
  7 wraiths
  A tarantella (Depths:4)
  2 wyverns
  Eustachio (D:5)
  Grum (D:10)
  A vampire (D:11)
  A human (shapeshifter) (Elf:2)
  3 basilisks
  4 hogs (Shoals:3)
  10 hippogriffs
  13 humans
  A steam dragon (shapeshifter) (Vaults:5)
  2 death yak simulacra (IceCv)
  A hippogriff (shapeshifter) (Vaults:3)
  A hungry ghost (D:12)
  A chaos spawn (Depths:3)
  A neqoxec (Depths:4)
  22 vampire mosquitoes
  An iron troll simulacrum (IceCv)
  8 large abominations (Depths:3)
  39 nagas
  2 mottled dragons (Vaults:1)
  4 wargs
  4 swamp worms (D:13)
  4 harpy simulacra (IceCv)
  4 hydra simulacra (IceCv)
  A hell hound (shapeshifter) (Elf:2)
  23 water moccasins
  10 porcupines
  9 orc warriors
  3 small abominations (Depths:3)
  3 black bears
  6 ice beasts
  2 sky beasts
  4 eyes of draining
  A wasp (D:10)
  2 wolves (D:10)
  58 ogres
  2 phantoms
  7 boggarts
  5 necrophages
  20 centaurs
  A crocodile (shapeshifter) (Vaults:2)
  9 crocodiles
  27 giant frogs
  A big kobold (Vaults:2)
  2 wyvern zombies
  3 earth elementals
  A gnoll sergeant (D:11)
  A wyvern skeleton (D:14)
  2 water moccasin skeletons
  5 wights
  4 scorpions
  13 killer bees
  5 electric eels
  A howler monkey (D:10)
  17 crimson imps
  2 draconian simulacra (IceCv)
  6 jellies
  2 quasits
  2 giant frog zombies
  A wasp zombie (D:14)
  5 centaur zombies
  Crazy Yiuf (D:5)
  3 orc priests
  A gnoll shaman (D:10)
  5 hounds
  9 centaur skeletons
  4 giant frog skeletons
  2 iron imps (Depths:4)
  8 iguanas
  7 orc wizards
  A polar bear simulacrum (IceCv)
  11 worker ants
  A spriggan simulacrum (IceCv)
  A troll simulacrum (IceCv)
  A boulder beetle simulacrum (Vaults:2)
  A big kobold zombie (Ossuary)
  20 sheep
  A centaur simulacrum (IceCv)
  A hound skeleton (D:6)
  9 mummies
  2 worker ant zombies
  9 gnolls
  13 adders
  4 naga simulacra (IceCv)
  3 ogre simulacra (IceCv)
  59 river rats
  6 shadow imps
  6 white imps (IceCv)
  11 ufetubi
  An ooze (D:3)
  An adder zombie (D:9)
  An adder skeleton (D:9)
  7 worms
  A dart slug (D:2)
  7 giant geckos
  25 orcs
  7 ball pythons
  5 giant cockroaches
  3 gnoll zombies (Ossuary)
  6 goblins
  6 hobgoblins
  14 kobolds
  6 quokkas
  11 bats
  10 giant newts
  2 hobgoblin zombies (Ossuary)
  A jackal skeleton (D:4)
  2 kobold zombies (Ossuary)
  17 rats
  3 crawling corpses (Elf:3)
  13 fungi
  16 plants
  9 tentacles
1853 creatures vanquished.

Vanquished Creatures (collateral kills)
  A juggernaut (Depths:4)
  Margery (Depths:3)
  A titan (Vaults:5)
  A tentacled monstrosity (Vaults:5)
  A sphinx (Vaults:5)
  A storm dragon (Vaults:5)
  A shadow dragon (Depths:4)
  2 greater nagas (Snake:4)
  2 vault wardens
  2 fire giants
  A frost giant (Vaults:5)
  4 deep elf sorcerers
  A stone giant (Vaults:4)
  3 very ugly things (Vaults:3)
  A war gargoyle (Vaults:5)
  A vampire knight (Depths:4)
  A mottled draconian (Depths:5)
  A spark wasp (Depths:4)
  3 eidola (D:14)
  Josephine (Snake:1)
  A yaktaur captain (D:12)
  3 hydras
  7 naga warriors
  An ice dragon (Depths:5)
  An anaconda (Snake:2)
  The ghost of 4thArraOfDagon the Cleaver, a novice HOBe of Trog (D:13)
  5 dancing weapons (Elf:1)
  An alligator snapping turtle (Shoals:4)
  4 centaur warriors
  A death knight (Vaults:3)
  7 death yaks
  A deep troll earth mage (Depths:4)
  A deep troll shaman (Depths:4)
  A tengu warrior (Depths:4)
  2 naga sharpshooters
  4 deep elf knights
  3 salamander mystics (Snake:4)
  An iron troll (Depths:2)
  A sea snake (shapeshifter) (Vaults:4)
  2 unseen horrors
  3 skeletal warriors (D:14)
  A deep troll (Depths:4)
  3 hill giants
  2 ironbrand convokers
  A wolf spider zombie (D:12)
  4 deep elf archers
  A flayed ghost (Depths:4)
  2 orc knights
  A wizard (Elf:1)
  5 mana vipers
  An orc sorcerer (Orc:2)
  A salamander (Snake:3)
  15 deep elf magi
  A cyclops (Shoals:4)
  4 ugly things
  A griffon (D:15)
  2 manticores (Shoals:4)
  8 centaur zombies
  2 elephants (Lair:7)
  3 guardian serpents (shapeshifter)
  Maurice (Orc:2)
  5 vault sentinels
  A guardian serpent (Snake:3)
  8 spiny frogs
  2 torpor snails
  A gargoyle (D:15)
  11 black mambas
  3 centaur skeletons
  6 naga magi
  A rime drake (Lair:6)
  2 freezing wraiths (D:14)
  An ice devil (IceCv)
  4 yaktaurs
  A troll (D:12)
  A komodo dragon (Lair:6)
  2 giant leeches (Lair:8)
  A golden dragon simulacrum (IceCv)
  A slime creature (Depths:2)
  8 blink frogs
  6 two-headed ogres
  A harpy skeleton (D:14)
  2 redbacks (Depths:4)
  A flying skull (D:14)
  2 air elementals (Depths:4)
  11 yaks
  A water elemental (Depths:3)
  3 wraiths
  A chaos spawn (Depths:3)
  4 humans (D:13)
  2 vampire mosquitoes (Lair:8)
  A hog (shapeshifter) (Depths:1)
  A hippogriff (D:15)
  14 nagas
  A warg (Orc:2)
  4 swamp worms (D:13)
  3 hydra simulacra (IceCv)
  3 water moccasins
  4 porcupines
  An ice beast (D:12)
  A sky beast (D:14)
  5 ogres
  A black bear (D:10)
  3 centaurs
  2 crocodiles (Lair:5)
  A big kobold (D:9)
  Blork the orc (Orc:2)
  8 giant frogs
  A killer bee (D:9)
  A jelly (D:15)
  3 crimson imps (D:10)
  A giant frog zombie (D:11)
  A hound (D:11)
  2 orc wizards
  A giant frog skeleton (D:12)
  4 orc priests
  An iguana (Lair:5)
  2 worker ants
  A killer bee zombie (D:11)
  2 sheep (Lair:7)
  2 gnolls
  24 river rats
  A white imp (Depths:4)
  6 worms (D:13)
  8 orcs
  2 kobolds (D:9)
  A fungus (Lair:8)
  2 plants (Lair:5)
353 creatures vanquished.

Vanquished Creatures (others)
  Louise (Snake:1)
  2 orc warlords
  13 orc knights
  A deep elf knight (Vaults:2)
  A necromancer (Vaults:5)
  An orc sorcerer (Orc:2)
  A black mamba (Snake:4)
  A naga (Snake:4)
  15 orc priests
  21 orc warriors
  An ogre (D:6)
  16 orc wizards
  A river rat (Lair:6)
  A giant gecko (D:6)
  55 orcs
  11 fungi
  11 plants
  18 tentacles
  433 tentacle segments
604 creatures vanquished.

Grand Total: 2810 creatures vanquished

Notes
Turn   | Place    | Note
--------------------------------------------------------------
     0 | D:1      | xeno23 the Hill Orc Gladiator began the quest for the Orb.
     0 | D:1      | Reached XP level 1. HP: 18/18 MP: 1/1
   414 | D:1      | Reached XP level 2. HP: 21/25 MP: 2/2
   534 | D:1      | Reached skill level 1 in Armour
   795 | D:1      | Reached XP level 3. HP: 30/30 MP: 3/3
  1214 | D:2      | Found a white marble altar of Elyvilon.
  1255 | D:2      | Reached skill level 1 in Shields
  1255 | D:2      | Reached XP level 4. HP: 27/37 MP: 4/4
  1261 | D:2      | Reached skill level 5 in Axes
  1450 | D:3      | Found a faded altar to an unknown god.
  1523 | D:3      | Reached skill level 3 in Fighting
  1686 | D:3      | Reached XP level 5. HP: 44/45 MP: 5/5
  1706 | D:3      | Found an oddly glowing altar of Pakellas.
  1787 | D:3      | Found a glowing drain.
  1791 | Sewer    | Entered a sewer
  2304 | D:3      | Found a glowing golden altar of the Shining One.
  2416 | D:4      | Noticed an ogre
  2428 | D:4      | Killed an ogre
  2428 | D:4      | Reached XP level 6. HP: 39/52 MP: 6/6
  2572 | D:4      | Found a staircase to the Ecumenical Temple.
  2589 | D:4      | Reached skill level 4 in Fighting
  2589 | D:4      | Reached XP level 7. HP: 53/59 MP: 7/7
  3048 | D:4      | Found a deep blue altar of Sif Muna.
  3084 | D:5      | Entered Level 5 of the Dungeon
  3147 | D:5      | Noticed Eustachio
  3172 | D:5      | Killed Eustachio
  3172 | D:5      | Reached skill level 5 in Fighting
  3172 | D:5      | Reached XP level 8. HP: 51/68 MP: 8/8
  3839 | D:5      | Noticed Crazy Yiuf
  3844 | D:5      | Killed Crazy Yiuf
  4033 | D:6      | Found Forheg's Antique Weapon Boutique.
  4161 | D:6      | Became a worshipper of Beogh the Brigand
  4370 | D:6      | Found an oddly glowing altar of Pakellas.
  4547 | D:6      | Reached skill level 5 in Armour
  4603 | D:6      | Found Bokozxesh's Antique Armour Shoppe.
  4783 | D:6      | Found a glowing silver altar of Zin.
  4783 | D:6      | Found an ancient bone altar of Kikubaaqudgha.
  4850 | D:7      | Reached XP level 9. HP: 67/75 MP: 9/9
  4873 | D:7      | Reached skill level 6 in Fighting
  4926 | D:7      | Found Vinoamei's Book Boutique.
  4930 | D:7      | Reached skill level 10 in Axes
  5072 | D:7      | Reached * piety under Beogh
  5076 | D:7      | Found a sand-covered staircase.
  5228 | Ossuary  | Entered an ossuary
  5618 | Ossuary  | Gained mutation: Your body sometimes deteriorates upon taking damage. [potion of mutation]
  5618 | Ossuary  | Gained mutation: You have supernaturally acute eyesight. [potion of mutation]
  5618 | Ossuary  | Gained mutation: Your body often deteriorates upon taking damage. [potion of mutation]
  5619 | Ossuary  | Lost mutation: Your body often deteriorates upon taking damage. [potion of cure mutation]
  5619 | Ossuary  | Lost mutation: You have supernaturally acute eyesight. [potion of cure mutation]
  5619 | Ossuary  | Lost mutation: Your body sometimes deteriorates upon taking damage. [potion of cure mutation]
  5620 | Ossuary  | Gained mutation: You have a somewhat thin skeletal structure (Dex +2, Stealth). [potion of mutation]
  5620 | Ossuary  | Gained mutation: You have sharp fingernails. [potion of mutation]
  5620 | Ossuary  | Lost mutation: You have a somewhat thin skeletal structure (Dex +2, Stealth). [potion of mutation]
  5621 | Ossuary  | Gained mutation: You passively map a small area around you. [potion of mutation]
  5621 | Ossuary  | Gained mutation: You are robust (+10% HP). [potion of mutation]
  5621 | Ossuary  | Gained mutation: Armour fits poorly on your strangely shaped body. [potion of mutation]
  5622 | Ossuary  | Lost mutation: Armour fits poorly on your strangely shaped body. [potion of cure mutation]
  5622 | Ossuary  | Lost mutation: You have sharp fingernails. [potion of cure mutation]
  5623 | Ossuary  | Gained mutation: Your natural rate of healing is unusually fast. [potion of mutation]
  5623 | Ossuary  | Gained mutation: You expend magic power (3 MP) to strengthen your wands. [potion of mutation]
  5656 | D:7      | Reached skill level 5 in Dodging
  5722 | D:7      | Bought a book of Battle for 400 gold pieces
  5726 | D:7      | Learned a level 3 spell: Regeneration
  5730 | D:7      | Learned a level 3 spell: Spectral Weapon
  5960 | D:7      | Found Paniw's Distillery.
  5968 | D:7      | Bought a potion of resistance for 140 gold pieces
  5968 | D:7      | Bought a potion of berserk rage for 70 gold pieces
  5995 | D:7      | Found a shadowy altar of Dithmenos.
  6048 | D:7      | Reached skill level 7 in Fighting
  6102 | D:7      | Found a sparkling altar of Nemelex Xobeh.
  6251 | D:8      | Found a staircase to the Lair.
  6357 | D:8      | Reached XP level 10. HP: 86/94 MP: 10/10
  6400 | D:8      | Reached ** piety under Beogh
  6779 | D:9      | Found a viscous altar of Jiyva.
  6958 | D:9      | Noticed a hill giant
  7190 | Lair:1   | Entered Level 1 of the Lair of Beasts
  7207 | Lair:1   | Gained mutation: Your magical capacity is low (-10% MP). [potion of mutation]
  7207 | Lair:1   | Gained mutation: You are partially covered in rugged brown scales (AC +1, +3% HP). [potion of mutation]
  7207 | Lair:1   | Gained mutation: Your body sometimes deteriorates upon taking damage. [potion of mutation]
  7375 | Lair:1   | Reached skill level 8 in Fighting
  7481 | Lair:1   | Noticed a spiny frog
  7492 | Lair:1   | Killed a spiny frog
  7492 | Lair:1   | Reached *** piety under Beogh
  7621 | Lair:1   | Reached skill level 1 in Invocations
  7969 | Lair:2   | Reached XP level 11. HP: 81/107 MP: 9/11
  8134 | Lair:2   | Noticed Gastronok
  8249 | Lair:2   | Killed Gastronok
  8249 | Lair:2   | Reached skill level 9 in Fighting
  8269 | Lair:2   | Noticed a seven-headed hydra
  9252 | Lair:3   | Reached **** piety under Beogh
  9252 | Lair:3   | Reached skill level 5 in Invocations
  9327 | Lair:3   | Reached XP level 12. HP: 78/118 MP: 14/14
  9465 | Lair:3   | Noticed Rupert
 10042 | Lair:4   | HP: 5/119 [black mamba (15)]
 10047 | Lair:4   | Found a labyrinth entrance.
 10056 | Lab      | Entered a labyrinth
 10649 | Lab      | Noticed a minotaur
 10657 | Lab      | Killed a minotaur
 10657 | Lab      | Reached skill level 15 in Axes
 10693 | Lab      | Identified a +7 rod of clouds (12/12) (You found it in a labyrinth)
 10840 | Lair:4   | Reached skill level 10 in Fighting
 11269 | Lair:4   | Found a staircase to the Snake Pit.
 11608 | Lair:4   | Reached skill level 10 in Armour
 11776 | Lair:5   | Reached XP level 13. HP: 104/128 MP: 16/16
 11978 | Lair:5   | Found a staircase to the Shoals.
 12068 | Lair:5   | Got a warped garnet amulet
 12578 | Lair:6   | Identified the amulet of Qeirejis {Harm *Drain *Confuse Dex+9} (You found it on level 5 of the Lair of Beasts)
 12899 | Lair:6   | Reached skill level 5 in Throwing
 12904 | Lair:6   | Reached ***** piety under Beogh
 13098 | Lair:6   | Got a crude jade amulet
 13107 | Lair:6   | Identified the amulet "Ydweodopri" {Faith Fragile rF++} (You found it on level 6 of the Lair of Beasts)
 13549 | Lair:7   | Reached skill level 11 in Fighting
 13674 | Lair:7   | Gained Rocco as an ally
 13738 | Lair:7   | Gained mutation: Your system is resistant to poisons. [potion of beneficial mutation]
 14506 | Lair:8   | Entered Level 8 of the Lair of Beasts
 14590 | Lair:8   | Your ally Rocco died
 14620 | Lair:7   | Reached XP level 14. HP: 43/140 MP: 18/18
 14852 | Lair:8   | Gained Bogdan as an ally
 14899 | Lair:8   | Found a staircase to the Slime Pits.
 15281 | Lair:8   | Reached skill level 12 in Fighting
 15281 | Lair:8   | Reached skill level 10 in Invocations
 15290 | Lair:8   | Got a polished spear
 15291 | Lair:8   | Identified the cursed +1 spear "Ommuocy" {pierce, +Rage Stlth+} (You found it on level 8 of the Lair of Beasts)
 15956 | Lair:3   | Killed Rupert
 16547 | D:9      | Found a deep blue altar of Sif Muna.
 16779 | D:10     | Entered Level 10 of the Dungeon
 16883 | D:10     | Noticed Grum
 16895 | D:10     | Reached ****** piety under Beogh
 16903 | D:10     | Killed Grum
 16950 | D:10     | Gained Arbeogh as an ally
 17300 | D:11     | Found a staircase to the Orcish Mines.
 18347 | D:12     | Found Bajuc's Distillery.
 18363 | D:12     | Bought 3 potions of beneficial mutation for 1365 gold pieces
 18363 | D:12     | Bought a potion of mutation for 32 gold pieces
 18363 | D:12     | Lost mutation: You are robust (+10% HP). [potion of mutation]
 18363 | D:12     | Gained mutation: You are robust (+10% HP). [potion of mutation]
 18364 | D:12     | Gained mutation: You are agile. (Dex +2) [potion of beneficial mutation]
 18365 | D:12     | Gained mutation: You are partially covered in yellow scales (AC +2). [potion of beneficial mutation]
 18366 | D:12     | Gained mutation: You possess an exceptional clarity of mind. [potion of beneficial mutation]
 18367 | D:12     | Bought a potion of heal wounds for 65 gold pieces
 18367 | D:12     | Bought a potion of heal wounds for 65 gold pieces
 18445 | D:12     | Found a stormy altar of Qazlal.
 18787 | D:12     | Reached XP level 15. HP: 141/151 MP: 20/20
 18981 | D:13     | Found a gate to the Vaults.
 18981 | D:13     | Noticed Donald
 19058 | D:13     | Noticed 4thArraOfDagon's ghost (novice HOBe)
 19073 | D:12     | Killed Donald
 19079 | D:12     | Gained Warrok as an ally
 19322 | D:13     | Killed 4thArraOfDagon's ghost
 19470 | D:13     | Lost mutation: You are robust (+10% HP). [potion of mutation]
 20485 | D:14     | Identified the Grimoire of Enthralling Weightlessness
 20503 | D:14     | Learned a level 2 spell: Swiftness
 20550 | D:14     | Your ally Warrok died
 20553 | D:13     | Reached skill level 1 in Necromancy
 20796 | D:14     | Reached skill level 1 in Hexes
 20797 | D:14     | Reached skill level 1 in Charms
 20878 | D:14     | Gained Bogbrand as an ally
 20906 | D:14     | Reached skill level 13 in Fighting
 21493 | D:14     | Gained Learuk as an ally
 21785 | D:15     | Entered Level 15 of the Dungeon
 21913 | D:15     | Found a staircase to the Depths.
 22260 | D:15     | Reached XP level 16. HP: 144/148 MP: 22/22
 22289 | D:15     | Gained mutation: You occasionally shout uncontrollably at your foes. [potion of mutation]
 22289 | D:15     | Lost mutation: You passively map a small area around you. [potion of mutation]
 22732 | D:15     | Upgraded the game from 0.18-a0-1730-g73f0523 to 0.19-a0-36-g4a0968a
 22812 | Orc:1    | Entered Level 1 of the Orcish Mines
 22813 | Orc:1    | Found a burning altar of Makhleb.
 22849 | Orc:2    | Entered Level 2 of the Orcish Mines
 23041 | Orc:2    | Noticed Blork the orc
 23049 | Orc:2    | Killed Blork the orc
 23066 | Orc:2    | Found a staircase to the Elven Halls.
 23660 | Orc:2    | Found a roughly hewn altar of Beogh.
 23680 | Orc:2    | Found Wuelul's Jewellery Emporium.
 23853 | Orc:2    | Found Zarutwomn's Antique Weapon Emporium.
 23855 | Orc:2    | Found Deakorur's General Store.
 23915 | Orc:2    | Bought a potion of curing for 36 gold pieces
 23979 | Orc:2    | Noticed Maurice
 23983 | Orc:2    | Killed Maurice
 24159 | Orc:2    | Found Woduocic's Antique Armour Emporium.
 24166 | Orc:2    | Bought a jewelled chain mail for 228 gold pieces
 24166 | Orc:2    | Bought a pair of embroidered gloves for 108 gold pieces
 24176 | Orc:2    | Identified the +1 chain mail of a sewer {MP+9 Str+6} (You bought it in a shop on level 2 of the Orcish Mines)
 24329 | Elf:1    | Entered Level 1 of the Elven Halls
 24977 | Elf:1    | Found Askigred's Book Boutique.
 25206 | Elf:1    | You fall through a shaft!
 25206 | Elf:2    | Found a huge runed gate.
 25206 | Elf:2    | Found a huge runed gate.
 25206 | Elf:2    | Found a huge runed gate.
 25206 | Elf:2    | Found a huge runed gate.
 25206 | Elf:2    | Found a huge runed gate.
 25264 | Elf:2    | Found a frozen archway.
 25339 | IceCv    | Entered an ice cave
 25914 | IceCv    | Gained Warrok as an ally
 25927 | IceCv    | Reached skill level 10 in Dodging
 26024 | IceCv    | Noticed an Ice Fiend
 26025 | IceCv    | Your ally Warrok died
 26043 | IceCv    | Killed an Ice Fiend
 27188 | Elf:2    | Reached XP level 17. HP: 108/155 MP: 23/23
 27699 | Elf:2    | Reached skill level 14 in Fighting
 27699 | Elf:2    | Reached skill level 5 in Necromancy
 27899 | Elf:2    | Noticed a deep elf blademaster
 27937 | Elf:2    | Killed a deep elf blademaster
 28284 | Elf:2    | Gained Bogric as an ally
 28909 | Orc:1    | Gained Olfik as an ally
 28909 | Orc:1    | Your ally Olfik died
 29267 | Shoals:1 | Entered Level 1 of the Shoals
 29451 | Shoals:1 | Noticed a kraken
 29464 | Shoals:1 | Killed a kraken
 29562 | Shoals:1 | Reached skill level 5 in Shields
 30222 | Shoals:2 | Found Itzisch's General Store.
 30267 | Shoals:2 | Bought a potion of curing for 45 gold pieces
 30267 | Shoals:2 | Bought a potion of curing for 45 gold pieces
 30267 | Shoals:2 | Bought a potion of curing for 45 gold pieces
 30971 | Shoals:3 | Noticed Kirke
 31024 | Shoals:3 | Noticed simok's ghost (adept CeHu)
 31043 | Shoals:3 | Killed Kirke
 31227 | Shoals:3 | Reached XP level 18. HP: 149/165 MP: 25/25
 31287 | Shoals:3 | Noticed Nikola
 31308 | Shoals:3 | Killed Nikola
 31463 | Shoals:3 | Reached skill level 15 in Fighting
 31580 | Shoals:3 | Got a coiled bronze ring
 31582 | Shoals:3 | Identified the ring of Nurat {Fragile rF+ rN+ Str+6 Stlth+} (You found it on level 3 of the Shoals)
 31756 | Shoals:3 | Killed simok's ghost
 31911 | Shoals:4 | Entered Level 4 of the Shoals
 32169 | Shoals:4 | Noticed Ilsuiw
 32169 | Shoals:4 | Noticed Aizul
 32174 | Shoals:4 | Killed Aizul
 32545 | Shoals:4 | Noticed manon's ghost (adept MiBe)
 32570 | Shoals:4 | Killed Ilsuiw
 32596 | Shoals:4 | Killed manon's ghost
 32659 | Shoals:4 | Gained Ogrik as an ally
 32922 | Shoals:4 | Got a barnacled rune of Zot
 33426 | Snake:1  | Entered Level 1 of the Snake Pit
 33511 | Snake:1  | You fall through a shaft!
 33543 | Snake:1  | Gained Olfik as an ally
 33560 | Snake:1  | Found Ublosomujyt's Weapon Emporium.
 33662 | Snake:1  | Noticed Louise
 33671 | Snake:1  | Noticed Josephine
 33673 | Snake:1  | Killed Louise
 33680 | Snake:1  | Killed Josephine
 33680 | Snake:1  | Reached skill level 10 in Throwing
 33718 | Snake:1  | Gained Ugrim as an ally
 33997 | Snake:2  | Reached XP level 19. HP: 172/177 MP: 26/26
 34144 | Snake:2  | Reached skill level 16 in Fighting
 34155 | Snake:2  | Got a faintly glowing long sword
 34156 | Snake:2  | Identified the +3 long sword of Instinct {flame, rN+ MP+9 Dex-4} (You found it on level 2 of the Snake Pit)
 34605 | Snake:3  | Noticed namelastname112's ghost (adept DrCj)
 34612 | Snake:3  | Your ally Olfik died
 34635 | Snake:3  | Killed namelastname112's ghost
 34782 | Snake:3  | Found a radiant altar of Vehumet.
 35444 | Snake:4  | Entered Level 4 of the Snake Pit
 35540 | Snake:4  | Reached skill level 10 in Shields
 36442 | Snake:4  | Got a serpentine rune of Zot
 36512 | Snake:4  | Identified a scroll of acquirement
 36530 | Snake:4  | Got a pair of fine boots
 36541 | Snake:4  | Identified the +3 pair of boots of the Fifty Gods {-Cast +Inv rPois Str+5} (You acquired it on level 4 of the Snake Pit)
 37001 | Snake:4  | Reached skill level 17 in Fighting
 37369 | Elf:3    | Entered Level 3 of the Elven Halls
 37588 | Elf:3    | Gained Warbeogh as an ally
 37679 | Elf:3    | Reached XP level 20. HP: 189/189 MP: 27/27
 37942 | Elf:3    | Reached skill level 15 in Invocations
 38258 | Elf:3    | Got a steaming ruby amulet
 38259 | Elf:3    | Identified the amulet "Riuv" {Harm *Drain rF- Str+4 Dex+3} (You found it on level 3 of the Elven Halls)
 38268 | Elf:3    | Got a steaming glass ring
 38270 | Elf:3    | Identified the ring of Tulips {Fire Slay+3} (You found it on level 3 of the Elven Halls)
 38308 | Elf:3    | Got a brightly glowing silver amulet
 38309 | Elf:3    | Identified the amulet "Mieq" {Reflect Str+5 SH+4} (You found it on level 3 of the Elven Halls)
 39020 | Vaults:1 | Entered Level 1 of the Vaults
 39527 | Vaults:1 | Gained Learuk as an ally
 39551 | Vaults:1 | Gained Wargrak as an ally
 39664 | Vaults:1 | Your ally Learuk died
 39869 | Vaults:1 | Reached skill level 18 in Fighting
 40447 | Vaults:2 | Gained Argrim as an ally
 40513 | Vaults:2 | Your ally Argrim died
 40633 | Vaults:2 | Reached XP level 21. HP: 199/199 MP: 29/29
 40900 | Vaults:2 | Gained Brunolf as an ally
 41238 | Vaults:2 | Gained Worak as an ally
 41461 | Vaults:2 | Reached skill level 15 in Armour
 41582 | Vaults:3 | Your ally Brunolf died
 41634 | Vaults:3 | Found a staircase to the Crypt.
 42035 | Vaults:3 | Noticed Boris
 42050 | Vaults:3 | Killed Boris
 42056 | Vaults:3 | Lost mutation: You are partially covered in rugged brown scales (AC +1, +3% HP). [potion of mutation]
 42056 | Vaults:3 | Gained mutation: Armour fits poorly on your strangely shaped body. [potion of mutation]
 42076 | Vaults:3 | Lost mutation: Your magical capacity is low (-10% MP). [potion of cure mutation]
 42076 | Vaults:3 | Lost mutation: You are agile. (Dex +2) [potion of cure mutation]
 42076 | Vaults:3 | Lost mutation: Armour fits poorly on your strangely shaped body. [potion of cure mutation]
 42076 | Vaults:3 | Lost mutation: You possess an exceptional clarity of mind. [potion of cure mutation]
 42076 | Vaults:3 | Lost mutation: Your system is resistant to poisons. [potion of cure mutation]
 42516 | Vaults:3 | Reached skill level 19 in Fighting
 42805 | Vaults:4 | Your ally Worak died
 42859 | Vaults:4 | Found a flickering gateway to a bazaar.
 42880 | Bazaar   | Entered a bazaar
 42885 | Bazaar   | Found Zutruwegg's Magic Scroll Boutique.
 42889 | Bazaar   | Bought a scroll of teleportation for 36 gold pieces
 42889 | Bazaar   | Bought a scroll of teleportation for 36 gold pieces
 42889 | Bazaar   | Bought a scroll of enchant armour for 90 gold pieces
 42889 | Bazaar   | Bought a scroll of summoning for 114 gold pieces
 42890 | Bazaar   | Found Ocikonuh's Weapon Boutique.
 42890 | Bazaar   | Found Geqypha's Book Boutique.
 42891 | Bazaar   | Found Bing's Food Boutique.
 42921 | Bazaar   | Bought a book of Enchantments for 600 gold pieces
 42969 | Vaults:4 | Gained Orbeogh as an ally
 43327 | Vaults:4 | Reached XP level 22. HP: 206/206 MP: 34/34
 43742 | Vaults:4 | Gained mutation: You are frail (-10% HP). [potion of mutation]
 43742 | Vaults:4 | Gained mutation: Your system is resistant to poisons. [potion of mutation]
 43743 | Vaults:4 | Lost mutation: Your system is resistant to poisons. [potion of cure mutation]
 43743 | Vaults:4 | Lost mutation: You expend magic power (3 MP) to strengthen your wands. [potion of cure mutation]
 43743 | Vaults:4 | Lost mutation: You are partially covered in yellow scales (AC +2). [potion of cure mutation]
 43743 | Vaults:4 | Lost mutation: You are frail (-10% HP). [potion of cure mutation]
 44005 | Vaults:5 | Entered Level 5 of the Vaults
 44022 | Vaults:5 | Noticed a golden dragon
 44026 | Vaults:5 | Reached skill level 15 in Shields
 44258 | Vaults:4 | Reached skill level 20 in Fighting
 44273 | Vaults:4 | Killed a golden dragon
 44601 | Vaults:4 | Your ally Olfik died
 44749 | Vaults:5 | Lost mutation: Your natural rate of healing is unusually fast. [potion of mutation]
 44749 | Vaults:5 | Gained mutation: You have a pair of small horns on your head. [potion of mutation]
 44749 | Vaults:5 | Gained mutation: You have sharp toenails. [potion of mutation]
 44750 | Vaults:5 | Lost mutation: Your body sometimes deteriorates upon taking damage. [potion of cure mutation]
 44750 | Vaults:5 | Lost mutation: You have a pair of small horns on your head. [potion of cure mutation]
 44750 | Vaults:5 | Lost mutation: You occasionally shout uncontrollably at your foes. [potion of cure mutation]
 44750 | Vaults:5 | Lost mutation: You have sharp toenails. [potion of cure mutation]
 44751 | Vaults:5 | Gained mutation: You have a pair of small horns on your head. [potion of mutation]
 44751 | Vaults:5 | Gained mutation: You are dopey. (Int -2) [potion of mutation]
 44751 | Vaults:5 | Gained mutation: You are clumsy. (Dex -2) [potion of mutation]
 44752 | Vaults:5 | Lost mutation: You have a pair of small horns on your head. [potion of cure mutation]
 44752 | Vaults:5 | Lost mutation: You are clumsy. (Dex -2) [potion of cure mutation]
 44752 | Vaults:5 | Lost mutation: You are dopey. (Int -2) [potion of cure mutation]
 44862 | Vaults:5 | Reached skill level 1 in Spellcasting
 44888 | Vaults:5 | Reached XP level 23. HP: 169/216 MP: 35/35
 45076 | Vaults:5 | Got a polished hand crossbow
 45077 | Vaults:5 | Identified the +9 hand crossbow "Uxounwos" {elec, rElec MP-9 Int+2 Dex+2} (You found it on level 5 of the Vaults)
 45229 | Vaults:5 | Reached skill level 5 in Charms
 45231 | Vaults:5 | Gained Oruk as an ally
 45440 | Vaults:5 | Noticed a golden dragon
 45454 | Vaults:5 | Killed a golden dragon
 45928 | Vaults:5 | Identified Niulut's Papyrus of the Escort
 45961 | Vaults:5 | Learned a level 2 spell: Repel Missiles
 45964 | Vaults:5 | Learned a level 2 spell: Blink
 45986 | Vaults:5 | Got an uncursed brightly glowing morningstar {venom}
 45987 | Vaults:5 | Identified the +6 morningstar of Fate {venom, rN+} (You took it off a yaktaur on level 5 of the Vaults)
 46186 | Vaults:5 | Reached skill level 1 in Translocations
 46187 | Vaults:5 | Noticed a golden dragon
 46204 | Vaults:5 | Killed a golden dragon
 46381 | Vaults:5 | Identified the Compendium of the Harmful Rocks
 46385 | Vaults:5 | Learned a level 2 spell: Passwall
 46533 | Vaults:5 | Got a silver rune of Zot
 46967 | Depths:1 | Entered Level 1 of the Depths
 47084 | Depths:1 | Gained Bogbarth as an ally
 47084 | Depths:1 | Gained Borgun as an ally
 47087 | Depths:1 | Your ally Borgun died
 47236 | Depths:1 | Found a stormy altar of Qazlal.
 47295 | Depths:1 | Found a one-way gate leading to the halls of Pandemonium.
 47444 | Depths:1 | Found a gateway to Hell.
 47524 | Depths:1 | Found Tootudiu's Magic Scroll Shoppe.
 47561 | Depths:1 | Bought a scroll of fog for 32 gold pieces
 47561 | Depths:1 | Bought a scroll of identify for 32 gold pieces
 47561 | Depths:1 | Bought a scroll of identify for 32 gold pieces
 47561 | Depths:1 | Bought a scroll of enchant weapon for 120 gold pieces
 47561 | Depths:1 | Bought a scroll of identify for 32 gold pieces
 47561 | Depths:1 | Bought a scroll of fear for 56 gold pieces
 47669 | Depths:2 | Found a gateway to a ziggurat.
 47690 | Depths:2 | Reached skill level 21 in Fighting
 47740 | Depths:2 | Found Omugun's Armour Shop.
 47791 | Depths:2 | Reached XP level 24. HP: 168/228 MP: 35/35
 47962 | Depths:2 | Identified the Collected Works on the Traveller and Toxins
 49254 | Depths:2 | Got a scorched blowgun
 49255 | Depths:2 | Identified the +4 blowgun of Dishonour {speed, rElec rC+ rN+ MR-} (You found it on level 2 of the Depths)
 49453 | Depths:2 | Gained Agrik as an ally
 49491 | Depths:2 | Got an ichor-stained cloak
 49492 | Depths:2 | Identified the +1 cloak of Card Tricks {*Confuse rC+ rCorr Str+3} (You found it on level 2 of the Depths)
 50070 | Depths:3 | Noticed Margery
 50081 | Depths:3 | Gained Learuk as an ally
 50086 | Depths:3 | Killed Margery
 50206 | Depths:3 | Found a one-way gate to the infinite horrors of the Abyss.
 50423 | Depths:4 | Noticed a juggernaut
 50437 | Depths:4 | Killed a juggernaut
 50687 | Depths:4 | Reached XP level 25. HP: 237/237 MP: 36/36
 51009 | Depths:5 | Entered Level 5 of the Depths
 51066 | Depths:5 | Found Xopsyr Rerpho's Jewellery Emporium.
 51250 | Depths:5 | Killed from afar by a black draconian

Vault maps used:
D:1:      dpeg_arrival_erosion
D:2:      elyvilon_altar_1, grunt_ministairs_3
D:3:      overflow_temple_1_default, lemuel_coloured_pillars_altar,
          gup_sewer_entry_bowl, ecumenical_altar_2
D:4:      minmay_temple_entry_hall, first_bread, lemuel_blue_sif_altar
D:5:      uniq_eustachio, uniq_crazy_yiuf_cottage
D:6:      gammafunk_temple_overflow_statue, serial_shops, shop,
          kennysheep_mini_moat, johnstein_pakellas_death_squad
D:7:      nemelex_xobeh_ov_fountains_minmay, grunt_dithmenos_shadows,
          gup_ossuary_entry_pyramid, serial_shops, shop_coins, shop,
          st_stairs_4, kennysheep_generic_room_14
D:8:      dpeg_oklobed_lair, grunt_livestock, nicolae_looking_at_the_future
D:9:      kennysheep_mini, jiyva_altar_1
D:10:     minmay_nine_imps, uniq_grum
D:11:     hiddenorc2_lemuel
D:12:     serial_shops, shop, minmay_misc_feat_x,
          nicolae_qazlal_eye_of_the_storm
D:13:     david_vaults_3, st_stairs_11, worms_lemuel
D:14:     hangedman_screamer, minmay_stone_trees_small
D:15:     hangedman_depths_entry_try_elsewhere_first, roderic_lattice_a
Lair:2:   uniq_gastronok
Lair:3:   minivault_23, roderic_lost_polar_bear, uniq_rupert
Lair:4:   minmay_snake_entry_six_corridors, lab_entry_generic, minivault_24,
          st_stairs_4, bh_autumn_forest_stairs
Lair:5:   shoals_dummy_entry, minivault_26, grunt_megastairs_3
Lair:6:   st_stairs_12
Lair:7:   roderic_carrion_pond, lemuel_fruit_tree
Lair:8:   minmay_lair_end_frog_pond, minmay_slime_entry_pillars
Shoals:2: serial_shops, shop
Shoals:3: nicolae_shoals_kraken_intersection, uniq_nikola, uniq_kirke
Shoals:4: shoals_end_grunt_ice, shoals_ilsuiw_ice, uniq_aizul
Snake:1:  serial_shops, shop_statue, uniq_josephine, uniq_louise
Snake:2:  nicolae_snake_shapes
Snake:3:  basic_altar
Snake:4:  minmay_snake_end_coiled, hangedman_venom_bottle
Orc:1:    basic_altar
Orc:2:    grunt_orc_cross, uniq_maurice
Elf:1:    eino_elf_arrival_sip, serial_shops, nicolae_shop_window_shopping,
          hangedman_elf_disciples
Elf:2:    portal_ice_cave_entry_pillars_02, st_stairs_5
Elf:3:    minmay_elf_hall_dome
Vaults:1: v_pattern_2, ontoclasm_vaults_fire_temple, vaults_mumra_minichess,
          vaults_standard_mumra_lines, vaults_mumra_hexcomb, v_misc_30,
          nicolae_vaults_little_ls, vaults_dpeg_hooks,
          ontoclasm_vaults_decontamination, vaults_room_grid
Vaults:2: v_pattern_4, ontoclasm_vaults_ring_square, v_misc_13,
          ontoclasm_vaults_spin, v_misc_8, nicolae_vaults_big_ls, v_misc_33,
          nicolae_vaults_ring_of_whatevers, v_misc_9,
          nicolae_vaults_sealed_display, grunt_vaults_hallway_short
Vaults:3: v_misc_25, grunt_vaults_swirl, st_cells,
          nicolae_vaults_little_squares_6, hangedman_vaults_stagger,
          hangedman_vaults_capsules, nicolae_vaults_little_squares_4,
          v_pattern_1, hangedman_vaults_variations,
          ontoclasm_vaults_claustrophobia, nicolae_vaults_theta,
          grunt_vaults_hallway_short, vaults_dpeg_encased_lava, uniq_boris
Vaults:4: v_misc_18, ontoclasm_vaults_gateway, v_misc_30, vaults_room_door_hall,
          vaults_room_fancy_cross, hangedman_vaults_slice, v_misc_31,
          vaults_room_stairs_pillars, nicolae_vaults_little_squares_4,
          nicolae_vaults_little_squares_3, v_misc_14,
          nicolae_vaults_lopsided_apartments, v_misc_16, v_alt_pattern_6,
          ontoclasm_vaults_shuriken, serial_ice_m, nicolae_vaults_angled_halls,
          serial_shops, bzr_entry_safe, uniq_donald
Depths:1: hell_entry, rand_demon_pan_entry_8, old_standard_altar, serial_shops,
          nicolae_shop_temple_entry_statues_fountains, minmay_misc_feat_doors,
          kennysheep_kite_vault
Depths:2: kennysheep_bubble_arena, enter_ziggurat_a, rand_demon_pan_entry_1,
          kennysheep_minor_cross, serial_shops, shop, hell_entry,
          minmay_hollow_rounded_squares, infiniplex_staircase_pillars_1
Depths:3: hangedman_arrow_trap, minmay_room_of_horrors, grunt_decor_cap,
          hell_entry, pan_entry, st_stairs_6, nicolae_water_bricks,
          grunt_ministairs_7, infiniplex_staircase_zigzag_1,
          serial_bayou_shore_a, uniq_margery
Depths:4: kennysheep_ambush_hall, minmay_misc_feat_enclosed,
          grunt_pan_entry_sceptre, abyss_entry_small_statue_room, hell_entry
Depths:5: grunt_bruiser_brothers, hellmouth_1, pan_entry, serial_shops, shop,
          hangedman_abyss_entry_splay, roderic_bali_sauvastika
Lab:      labyrinth_mini_lab, nicolae_lab_plus, nicolae_lab_grate,
          labyrinth_fake_exit, nicolae_lab_hexagon, lab_block
Bazaar:   bazaar_minmay_cross
Sewer:    sewer_co_cracked_pipes
Ossuary:  ossuary_tomb_3
IceCv:    ice_cave_caverns_01

Skill      XL: |  1  2  3  4  5  6  7  8  9 10 11 12 13 14 15 16 17 18 19 20 21 22 23 24 25 |
---------------+----------------------------------------------------------------------------+-----
Armour         | 1 2 3 4 5 6 8 9 10 11 12 13 14 15 16 17 | 17.0
Shields        | 1 2 3 4 6 9 10 12 14 15 | 15.2
Axes           | 5 6 7 9 11 13 14 15 17 18 19 20 | 20.5
Fighting       | 3 4 5 7 8 9 10 11 12 13 14 15 17 18 19 20 21 | 21.8
Dodging        | 3 4 5 6 7 8 9 10 11 12 13 | 13.8
Invocations    | 2 5 7 9 10 11 12 13 14 15 16 17 18 | 18.3
Throwing       | 2 4 5 6 7 8 9 10 11 12 13 | 13.6
Necromancy     | 2 4 6 |  6.5
Hexes          | 2 4 |  4.5
Charms         | 2 3 4 6 8 9 |  9.2
Spellcasting   | 1 3 4 |  4.8
Translocations | 2 3 4 |  4.0

Action                   |  1- 3 |  4- 6 |  7- 9 | 10-12 | 13-15 | 16-18 | 19-21 | 22-24 | 25-27 || total
-------------------------+-------+-------+-------+-------+-------+-------+-------+-------+-------++-------
Melee: War axe           |   108 |   175 |   349 |   275 |       |       |       |       |       ||   907
       Battleaxe         |       |       |       |   358 |  1210 |    40 |       |       |       ||  1608
       Broad axe         |       |       |       |       |       |  1328 |  1144 |  1406 |    79 ||  3957
       Battleaxe         |       |       |       |       |       |    83 |       |       |       ||    83
       Unarmed           |       |       |       |       |       |     3 |       |       |       ||     3
Throw: Throwing net      |       |     1 |     1 |       |       |       |       |       |       ||     2
       Javelin           |       |       |       |     8 |       |    25 |       |     6 |     6 ||    45
 Cast: Regeneration      |       |       |       |       |       |       |     1 |    58 |     3 ||    62
       Repel Missiles    |       |       |       |       |       |       |       |     6 |     1 ||     7
Invok: Convert to Beogh  |       |       |     1 |       |       |       |       |       |       ||     1
       Smiting           |       |       |       |     3 |    44 |       |       |       |       ||    47
       Give Item to Name |       |       |       |       |     6 |       |       |       |       ||     6
       Recall Orcish Fol |       |       |       |       |     3 |       |       |       |       ||     3
       Stop Recall       |       |       |       |       |     1 |       |       |       |       ||     1
       Smiting           |       |       |       |       |       |    22 |     4 |     6 |     3 ||    35
       Recall Orcish Fol |       |       |       |       |       |     2 |     2 |     4 |     1 ||     9
       Give Item to Name |       |       |       |       |       |     1 |     8 |     2 |       ||    11
       Resurrection      |       |       |       |       |       |       |     3 |       |       ||     3
       Stop Recall       |       |       |       |       |       |       |       |     2 |       ||     2
Evoke: Club              |       |       |       |     1 |       |       |       |       |       ||     1
       Wand              |       |       |       |       |       |     4 |       |     2 |       ||     6
  Use: Scroll            |       |     8 |     7 |    18 |    12 |       |       |       |       ||    45
       Potion            |       |       |     7 |     7 |    11 |     1 |       |       |       ||    26
       Scroll            |       |       |       |       |       |    21 |    12 |     6 |     1 ||    40
       Potion            |       |       |       |       |       |     2 |     3 |     8 |     2 ||    15
 Stab: Held in net/web   |       |       |     1 |       |       |       |       |       |       ||     1
       Distracted        |       |       |       |     2 |    24 |     1 |       |       |       ||    27
       Paralysed         |       |       |       |     2 |    14 |       |       |       |       ||    16
       Confused          |       |       |       |     1 |       |       |       |       |       ||     1
       Distracted        |       |       |       |       |       |     7 |    10 |    10 |     2 ||    29
       Sleeping          |       |       |       |       |       |       |     4 |     2 |       ||     6
  Eat: Chunk             |     1 |     5 |    10 |    16 |    26 |     1 |       |       |       ||    59
       Royal jelly       |       |       |     1 |     1 |       |       |       |       |       ||     2
       Beef jerky        |       |       |       |     1 |     6 |       |       |       |       ||     7
       Pizza             |       |       |       |       |     5 |       |       |       |       ||     5
       Chunk             |       |       |       |       |       |    22 |    11 |    29 |     2 ||    64
       Pizza             |       |       |       |       |       |     5 |     3 |       |     1 ||     9
       Meat ration       |       |       |       |       |       |     1 |       |       |       ||     1
       Beef jerky        |       |       |       |       |       |     4 |     8 |     1 |       ||    13
       Royal jelly       |       |       |       |       |       |     1 |     1 |     1 |       ||     3
       Bread ration      |       |       |       |       |       |       |       |     1 |       ||     1
Armor: Ice dragon armour |       |       |       |       |       |   501 |   287 |   479 |    13 ||  1280
Dodge: Dodged            |       |       |       |       |       |   575 |   389 |   535 |    30 ||  1529
       Deflected         |       |       |       |       |       |       |       |    12 |     1 ||    13
Block: Shield            |       |       |       |       |       |   539 |   739 |  1023 |    48 ||  2349
       Large shield      |       |       |       |       |       |    85 |       |       |       ||    85
